 Dungeon Crawl Stone Soup version 0.30.0-29-ga12c61a403 (webtiles) character file.

Game seed: 10413611740237053649

4904 boopmooplesden the Basher (level 10, -3/86 HPs)
             Began as a Minotaur Fighter on June 19, 2023.
             Was a Believer of Okawaru.
             Slain by a wolf (7 damage)
             ... led by Grum
             ... on level 9 of the Dungeon.
             The game lasted 00:12:55 (8102 turns).

boopmooplesden the Basher (Minotaur Fighter)        Turns: 8102, Time: 00:12:56

Health: -3/86      AC: 14    Str: 25    XL:     10   Next: 27%
Magic:  8/9        EV: 11    Int:  5    God:    Okawaru [**....]
Gold:   473        SH: 12    Dex: 13    Spells: 9/9 levels left

rFire   . . .        a - +0 flail (chaos)
rCold   + . .        w - +1 buckler "Utitysh" {rC+ rN+ Dex+3 Stlth+}
rNeg    + + .        t - +2 scale mail {Will+}
rPois   .            (helmet restricted)
rElec   .            h - +1 cloak
rCorr   .            r - +0 pair of gloves
SInv    .            (no boots)
Will    ++...        j - amulet of reflection
Stlth   +            b - ring of positive energy
HPRegen 0.34/turn    q - ring of willpower
MPRegen 0.11/turn

%: reflection
@: no status effects
A: horns 2, retaliatory headbutt
a: Renounce Religion, Heroism


You were on level 9 of the Dungeon.
You worshipped Okawaru.
Okawaru was pleased with you.
You visited 2 branches of the dungeon, and saw 10 of its levels.

You collected 473 gold pieces.

Inventory:

Hand Weapons
 a - a +0 flail of chaos (weapon)
 e - a +0 flail of draining
 l - a +0 whip of freezing
 p - a +0 whip of venom
Missiles
 o - 4 javelins (quivered)
Armour
 c - a +1 buckler
 h - a +1 cloak (worn)
 r - a +0 pair of gloves (worn)
 t - a +2 scale mail of willpower (worn)
 w - the +1 buckler "Utitysh" (worn) {rC+ rN+ Dex+3 Stlth+}
   (You found it on level 6 of the Dungeon)

   Dex:       It affects your dexterity (+3).
   rC:        It protects you from cold.
   rN:        It protects you from negative energy.
   Stlth:     It makes you more stealthy.
Jewellery
 b - a ring of positive energy (left hand)
 d - a ring of see invisible
 j - an amulet of reflection (around neck)
 m - an amulet of regeneration
 q - a ring of willpower (right hand)
Wands
 k - a wand of flame (10)
 x - a wand of iceblast (27)
 A - a wand of polymorph (4)
 B - a wand of light (4)
Scrolls
 g - a scroll of magic mapping
 i - 3 scrolls of identify
 n - a scroll of fog
 v - 3 scrolls of fear
 y - a scroll of brand weapon
 C - a scroll of silence {unknown}
Potions
 f - a potion of lignification {unknown}
 s - a potion of brilliance {unknown}
 u - a potion of cancellation {unknown}
 z - a potion of curing


   Skills:
 + Level 7.3 Fighting
 + Level 10.7 Maces & Flails
 + Level 1.1 Throwing
 + Level 9.1 Armour
 + Level 3.5 Dodging
 + Level 1.6 Stealth
 + Level 9.9 Shields


You had 9 spell levels left.
You didn't know any spells.
Your spell library contained the following spells:

 Spells                   Type           Power      Damage    Failure   Level
 Foxfire                  Conj/Fire      0%         2x1d4     77%         1
 Dazzling Flash           Conj/Hex       0%         N/A       98%         3
 Agony                    Necr           0%         N/A       100%        5
 Fireball                 Conj/Fire      0%         3d3       100%        5
 Silence                  Hex/Air        0%         N/A       100%        5
 Plasma Beam              Fire/Air       0%         2x1d11    100%        6
 Starburst                Conj/Fire      0%         6d3       100%        6


Dungeon Overview and Level Annotations

Branches:
Dungeon (9/15)             Temple (1/1) D:5
   Lair: D:8-11         Orc: D:9-12

Altars:
Ashenzari
Gozag
Makhleb
Nemelex Xobeh
Okawaru
Qazlal
Ru
Sif Muna
Trog
Wu Jian
Xom
Yredelemnul
Zin
The Shining One

Annotations:
D:9 Grum


Innate Abilities, Weirdness & Mutations

You have a pair of horns on your head.
You reflexively headbutt those who attack you in melee.


Message History

Grum hits you but does no damage.
An orc priest comes into view. It is wielding a +0 mace.
You barely miss the orc.
The orc priest shouts!
Your headbutt misses the orc.
You feel sick. You block the wolf's attack.
You hit the orc. Your headbutt misses the orc.
The orc is lightly wounded.
You feel sick. You block the wolf's attack. The orc barely misses you.
The orc closely misses you. Grum hits you but does no damage.
You are more poisoned.
You sock the orc!
You kill the orc!
Okawaru accepts your kill.
You feel sick. You block the wolf's attack.
An orc comes into view. It is wielding a +0 mace.
You block the orc's attack.
Grum shouts, "Sparky!
Good boy!"
You block Grum's attack. The wolf attacks as you move away!
The wolf closely misses you.
You feel sick. The wolf bites you.
* * * LOW HITPOINT WARNING * * *
The wolf attacks as you move away! You block the wolf's attack.
You feel sick. The wolf bites you.
* * * LOW HITPOINT WARNING * * *
You feel like a meek peon again.
You feel sick. The wolf attacks as you move away! You block the wolf's attack.
You feel sick. You block the wolf's attack. The wolf attacks as you move away!
You block the wolf's attack.
You feel sick. You block the wolf's attack. The orc attacks as you move away!
You block the orc's attack.
You feel sick.
The orc priest casts a cantrip, but nothing happens.
You block the wolf's attack. The wolf attacks as you move away!
The wolf closely misses you.
You feel sick. You block the orc's attack. The orc attacks as you move away!
The orc hits you but does no damage. The wolf attacks as you move away!
You block the wolf's attack.
You feel sick.
You are no longer poisoned.
The wolf bites you!
You die...

#..##.. .. #.....## ...
#......#..# ## .# ..........# ..
.... .........# #. .....#
.....##.# ##.######.##....
.....<..# #.....#...#......
..##....# ####.##............
.......## #..[.@h.............#.
.....)..# ##......{.......>.....
.....))#####......o..............
....................g.....# .....
....#....................##....o#
...###..#................##..o..#
...# #...........).....o.#.......
.... ##............###...)†......
...................##...))....##+


You could see Grum, a wolf, an orc priest and an orc.

Vanquished Creatures
  Pikel (D:5)
  Maurice (D:8)
  A polar bear (shapeshifter) (D:7)
  Grinder (D:5)
  Sigmund (D:6)
  2 steam dragons
  Menkaure (D:6)
  A water moccasin (D:5)
  2 ice beasts
  4 orc warriors
  A sky beast (D:7)
  2 ogres
  2 wolves (D:9)
  Blork the orc (D:6)
  A kobold brigand (D:8)
  A bullfrog (D:8)
  6 scorpions
  A gnoll sergeant (D:6)
  8 wights (D:7)
  3 killer bees
  4 hounds
  2 jellies
  7 orc priests
  2 gnoll boudas (D:8)
  2 iguanas
  5 orc wizards (D:5)
  12 gnolls
  8 adders
  2 white imps
  A worm (D:2)
  3 dart slugs
  27 orcs
  6 endoplasms
  4 giant cockroaches
  15 goblins
  6 hobgoblins
  3 jackals (D:5)
  8 quokkas
  15 ball pythons
  6 bats
  4 frilled lizards
  8 kobolds
  12 rats
203 creatures vanquished.

Vanquished Creatures (others)
  2 kobolds (D:8)
2 creatures vanquished.

Grand Total: 205 creatures vanquished

Notes
Turn   | Place    | Note
-------+----------+-------------------------------------------
     0 | D:1      | boopmooplesden the Minotaur Fighter began the quest for the
                  | Orb.
     0 | D:1      | Reached XP level 1. HP: 19/19 MP: 0/0
   192 | D:1      | Reached XP level 2. HP: 27/27 MP: 1/1
   552 | D:1      | Reached XP level 3. HP: 33/33 MP: 2/2
  1127 | D:2      | Reached skill level 3 in Maces & Flails
  1612 | D:3      | Reached XP level 4. HP: 40/40 MP: 3/3
  2047 | D:4      | Found a shimmering blue altar of Sif Muna.
  2140 | D:4      | Found a sacrificial altar of Ru.
  2278 | D:4      | Reached skill level 4 in Maces & Flails
  2278 | D:4      | Reached XP level 5. HP: 38/46 MP: 4/4
  2360 | D:4      | Reached skill level 1 in Dodging
  2531 | D:4      | Found an opulent altar of Gozag.
  3345 | D:5      | Entered Level 5 of the Dungeon
  3365 | D:5      | Found a staircase to the Ecumenical Temple.
  3379 | D:5      | Noticed a lemure
  3381 | D:5      | Noticed Pikel
  3393 | D:5      | Noticed a lemure
  3400 | D:5      | Killed Pikel
  3401 | D:5      | Reached skill level 6 in Maces & Flails
  3401 | D:5      | Reached skill level 5 in Armour
  3401 | D:5      | Reached skill level 1 in Stealth
  3401 | D:5      | Reached skill level 5 in Shields
  3401 | D:5      | Reached XP level 6. HP: 26/55 MP: 5/5
  3401 | D:5      | Reached XP level 7. HP: 28/60 MP: 6/6
  3555 | D:5      | Reached skill level 5 in Fighting
  3618 | D:5      | Reached skill level 7 in Maces & Flails
  3850 | D:5      | Found a stormy altar of Qazlal.
  4017 | D:5      | Reached XP level 8. HP: 67/68 MP: 7/7
  4097 | D:5      | Found a glowing silver altar of Zin.
  4242 | D:5      | Reached skill level 8 in Maces & Flails
  4424 | D:5      | Found a broken altar of Ashenzari.
  4994 | D:6      | Noticed Menkaure
  5013 | D:6      | Killed Menkaure
  5019 | D:6      | Found a shimmering altar of Xom.
  5136 | D:6      | Noticed Grinder
  5173 | D:5      | Killed Grinder
  5330 | D:6      | Reached XP level 9. HP: 67/75 MP: 8/8
  5339 | D:6      | Found a burning altar of Makhleb.
  5601 | D:6      | Identified the +1 buckler "Utitysh" {rC+ rN+ Dex+3 Stlth+}
  5625 | D:6      | Noticed Blork the orc
  5625 | D:6      | Noticed Sigmund
  5644 | D:6      | Killed Blork the orc
  5665 | D:6      | Killed Sigmund
  5666 | D:6      | Reached skill level 9 in Maces & Flails
  5666 | D:6      | Reached skill level 1 in Throwing
  5742 | Temple   | Entered the Ecumenical Temple
  5750 | Temple   | Became a worshipper of Warmaster Okawaru
  6164 | D:7      | Found an ornate altar of the Wu Jian Council.
  6348 | D:7      | Reached * piety under Okawaru
  6739 | D:7      | a shapeshifter changed into a troll
  6739 | D:7      | Noticed a troll (shapeshifter)
  6741 | D:7      | a troll changed into a shapeshifter
  6741 | D:7      | a shapeshifter changed into a polar bear
  6741 | D:7      | Noticed a polar bear (shapeshifter)
  6746 | D:7      | Killed a polar bear
  6747 | D:7      | Reached skill level 10 in Maces & Flails
  7203 | D:8      | Reached XP level 10. HP: 86/86 MP: 9/9
  7260 | D:8      | Noticed Maurice
  7547 | D:8      | Killed Maurice
  7547 | D:8      | Reached ** piety under Okawaru
  7772 | D:8      | Found a basalt altar of Yredelemnul.
  8074 | D:9      | Noticed Grum
  8102 | D:9      | HP: 4/86 [poisoned by Grum]
  8102 | D:9      | Slain by a wolf

Illustrated notes

Levels and vault maps discovered:
D:1:      minmay_arrival_split_and_join, layout_basic, serial_forest,
          infiniplex_forest_diagonal, infiniplex_forest_end_double,
          infiniplex_forest_clump_double, infiniplex_forest_side_room,
          infiniplex_forest_clump_double, infiniplex_forest_clump_medium,
          infiniplex_forest_corner_1, minmay_misc_feat_plants,
          minmay_rat_gold_closets
D:2:      layout_basic, grunt_decor_cap, hangedman_decor_opposing, hex_medium
D:3:      layout_rooms, minmay_goblin_outpost
D:4:      layout_layer_cave, mainiacjoe_overflow_paths,
          mainiacjoe_overflow_six_doors_small, lemuel_crystal_altar,
          grunt_ministairs_4
D:5:      layout_basic, overflow_temple_1_default, kennysheep_mini_moat,
          mainiacjoe_overflow_alcove_1, temple_doors_e,
          kennysheep_generic_room_8, uniq_pikel
D:6:      layout_rooms, lemuel_tele_altar, mainiacjoe_overflow_chevrons,
          uniq_grinder, uniq_menkaure, uniq_blork_the_orc, uniq_sigmund
D:7:      layout_cave_pods, mainiacjoe_overflow_boulevard,
          chequers_serial_rivers_micro_d
D:8:      layout_loops_ring, mainiacjoe_overflow_catwalk, serial_park_tiny_1,
          uniq_maurice
D:9:      layout_cave_pools, vehumet_crystals, nicolae_uskayaw_en_pointe,
          gammafunk_ghost_hive, minmay_misc_feat_tiny, uniq_grum
Temple:   nicolae_temple_colour_theory

Skill      XL: |  1  2  3  4  5  6  7  8  9 10 |
---------------+-------------------------------+-----
Armour         | 4 5 6 7 8 9 |  9.1
Fighting       | 4 5 6 7 |  7.3
Maces & Flails | 3 4 6 7 8 10 | 10.7
Shields        | 4 5 6 7 9 |  9.9
Dodging        | 1 2 3 |  3.5
Stealth        | 1 |  1.6
Throwing       | 1 |  1.1

Action                     |  1- 3 |  4- 6 |  7- 9 | 10-12 || total
---------------------------+-------+-------+-------+-------++-------
  Melee: Flail             |   131 |    85 |   321 |   110 ||   647
         Headbutt          |    17 |    16 |    52 |    25 ||   110
  Throw: Javelin           |     2 |       |    14 |     1 ||    17
 Invoke: Heroism           |       |       |       |     3 ||     3
    Use: Scroll            |     6 |     2 |     6 |       ||    14
         Potion            |       |     1 |     8 |       ||     9
   Stab: Sleeping          |       |       |     1 |       ||     1
 Armour: Scale mail        |    63 |    10 |    86 |    39 ||   198
         Chain mail        |       |    17 |    51 |       ||    68
  Dodge: Dodged            |    50 |    21 |   107 |    39 ||   217
  Block: Buckler           |    66 |    56 |   220 |    76 ||   418
         Reflection        |     1 |     1 |     5 |       ||     7
